 Dungeon Crawl Stone Soup version 0.29.0-4-gdea44cf6ec (webtiles) character file.

Game seed: 12399264319059502893

37 qw the Chopper (level 3, 0/21 HPs)
             Began as a Tengu Warper on Aug 28, 2022.
             Succumbed to an adder's poison
             ... on level 2 of the Dungeon.
             The game lasted 00:00:07 (1848 turns).

qw the Chopper (Tengu Warper)                       Turns: 1848, Time: 00:00:08

Health: 0/21       AC:  5    Str: 13    XL:     3   Next: 41%
Magic:  7/7        EV: 11    Int: 13    God:
Gold:   68         SH:  0    Dex: 13    Spells: 6/6 levels left

rFire   . . .      SeeInvis .   Y - +0 hand axe
rCold   . . .      Faith    .   (no shield)
rNeg    . . .      Spirit   .   g - +0 ring mail
rPois   .          Reflect  .   (helmet restricted)
rElec   .          Harm     .   (no cloak)
rCorr   .          Rampage  .   (no gloves)
Will    .....                   (boots unavailable)
Stlth   +.........              b - amulet of the acrobat
HPRegen 0.07/turn               (no ring)
MPRegen 0.10/turn               (no ring)

@: lethally poisoned (0 -> -4)
A: beak, talons 3
a: no special abilities


You were on level 2 of the Dungeon.
You visited 1 branch of the dungeon, and saw 2 of its levels.

You collected 68 gold pieces.


Innate Abilities, Weirdness & Mutations

You have a beak for a mouth.
You have claws for feet.


   Skills:
 - Level 2.0 Fighting
 + Level 4.1 Axes
 - Level 1.0 Throwing
 - Level 1.1 Armour
 - Level 2.1 Dodging
 - Level 2.0 Spellcasting
 - Level 2.4 Translocations


You had 6 spell levels left.
You didn't know any spells.
Your spell library contained the following spells:

 Spells                   Type           Power      Damage    Failure   Level
 Blink                    Tloc           14%        N/A       30%         2
 Gell's Gravitas          Tloc           7%         N/A       52%         3
 Lesser Beckoning         Tloc           7%         N/A       52%         3
 Teleport Other           Tloc           7%         N/A       52%         3
 Manifold Assault         Tloc           7%         N/A       99%         5

Inventory:

Hand Weapons
 f - a +0 whip
 Y - a +0 hand axe (weapon)
Armour
 g - a +0 ring mail (worn)
Jewellery
 b - an amulet of the acrobat (around neck)
Potions
 a - a potion of haste {unknown}
 d - a potion of degeneration {unknown}
 i - a potion of heal wounds {unknown}
 k - a potion of cancellation {unknown}
 l - a potion of curing {unknown}

Dungeon Overview and Level Annotations

Branches:
Dungeon (2/15)

Altars:


Message History

You closely miss the adder. Your peck misses the adder.
The adder bites you but does no damage.
You barely miss the adder. Your kick misses the adder. The adder bites you.
The adder bites you but does no damage.
You closely miss the adder. You peck the adder.
The adder is moderately wounded.
The adder bites you.
You are poisoned.
The adder poisons you!
You closely miss the adder.
The adder is moderately wounded.
You feel sick. The adder bites you.
You are more poisoned.
The adder poisons you! The adder closely misses you.
You closely miss the adder. Your kick misses the adder.
The adder is moderately wounded.
You feel very sick. The adder closely misses you.
You hit the adder.
The adder is moderately wounded.
You feel sick. The adder bites you but does no damage.
You closely miss the adder. Your kick misses the adder.
The adder is moderately wounded.
You feel sick. The adder bites you but does no damage.
A quokka comes into view.
The adder bites you.
You are lethally poisoned!
The adder poisons you!
You hit the adder. You claw the adder, but do no damage.
The adder is severely wounded.
You feel sick. The adder bites you but does no damage.
You hit the adder. Your peck misses the adder.
The adder is severely wounded.
You feel sick. The adder bites you but does no damage. The adder misses you.
You miss the adder. Your kick misses the adder.
The adder is severely wounded.
You feel sick. The adder bites you but does no damage.
You barely miss the adder. You claw the adder.
You kill the adder!
You die...

### #.. ..# .# #.#
#.# .# #.# #.# .#
#.# #.# .# #.# #.#
r# #.# #.# .# #%#
#####.###.#
#.#######.......@.#
..............#####
..#######.##### ###
#.# #########.#
..........#
###########


You could see a quokka.

Vanquished Creatures
  An adder (D:2)
  A worm (D:2)
  A dart slug (D:1)
  6 endoplasms
  4 goblins (D:1)
  7 jackals (D:1)
  A kobold (D:1)
  A ball python (D:2)
  3 bats (D:1)
  4 rats
29 creatures vanquished.

Notes
Turn   | Place    | Note
-------+----------+-------------------------------------------
     0 | D:1      | qw the Tengu Warper began the quest for the Orb.
     0 | D:1      | Reached XP level 1. HP: 12/12 MP: 4/4
     0 | D:1      | 0 ||| qw: Version: 0.1-a-89-g26bdef1
     0 | D:1      | 0 ||| qw: Game counter: 1655
     0 | D:1      | 0 ||| qw: Always use a shield: true
     0 | D:1      | 0 ||| qw: God list: Okawaru
     0 | D:1      | 0 ||| qw: Allow faded altars: false
     0 | D:1      | 0 ||| qw: Do Orc after D:15 true
     0 | D:1      | 0 ||| qw: Do second Lair branch before Depths: true
     0 | D:1      | 0 ||| qw: Lair rune preference: random
     0 | D:1      | 0 ||| qw: Plans: Normal
     0 | D:1      | 0 ||| PLANNING D:1-11
    57 | D:1      | 57 ||| Stepping ~*~*~tactically~*~*~ (stealth).
    59 | D:1      | 59 ||| Stepping ~*~*~tactically~*~*~ (stealth).
    69 | D:1      | HP: 3/12 [jackal (2)]
    72 | D:1      | Reached skill level 3 in Axes
    72 | D:1      | Reached XP level 2. HP: 5/17 MP: 6/6
   368 | D:1      | 368 ||| UPGRADING to +0 ring mail.
   400 | D:1      | 400 ||| DROPPING +0 leather armour.
   599 | D:1      | 599 ||| UPGRADING to amulet of the acrobat.
   678 | D:1      | 678 ||| Stepping ~*~*~tactically~*~*~ (stealth).
  1003 | D:1      | 1003 ||| READING scroll labelled PAMMUO CYUL.
  1004 | D:1      | 1004 ||| READING scroll labelled UTWEMU XICY.
  1005 | D:1      | 1005 ||| READING scroll labelled UDGHUEX VOEHA.
  1422 | D:1      | Reached XP level 3. HP: 21/21 MP: 7/7
  1581 | D:1      | 1581 ||| READING scroll labelled VIOCIC QATOPLO.
  1582 | D:1      | 1582 ||| READING scroll labelled VOKKAM ALEVO.
  1583 | D:1      | 1583 ||| DROPPING scroll of blinking.
  1619 | D:2      | 1619 ||| STAIRDANCE
  1659 | D:2      | 1659 ||| STAIRDANCE
  1666 | D:1      | Reached skill level 4 in Axes
  1745 | D:2      | 1745 ||| STAIRDANCE
  1845 | D:2      | HP: 4/21 [poisoned by an adder]
  1847 | D:2      | HP: 1/21 [poisoned by an adder]
  1848 | D:2      | Succumbed to an adder's poison

Levels and vault maps discovered:
D:1:      kennysheep_arrival_seaside, layout_loops_corners,
          serial_co_window_serial, co_window_of_opportunity_a,
          co_window_paths_a, co_window_corner_a, co_window_paths_b,
          co_window_corner_a, co_window_of_opportunity_a, co_window_paths_b,
          co_window_of_opportunity_b, co_window_corner_b, co_window_2corner,
          co_window_paths_d, co_window_paths_e, glass_columns_a,
          minmay_fountain_box, st_stairs_1
D:2:      minmay_kobold_bridge, layout_loops_ring,
          dreamdust_ecumenical_altar_hidden_monk_grotto

Skill      XL: |  1  2  3 |
---------------+----------+-----
Axes           | 3 4 |  4.1
Fighting       | |  2.0
Throwing       | |  1.0
Armour         | |  1.1
Dodging        | |  2.1
Spellcasting   | |  2.0
Translocations | |  2.4

Action                   || total
-------------------------++-------
Melee: Hand axe          ||    70
       Kick              ||    14
       Peck              ||     9
       Punch             ||     2
Throw: Boomerang         ||     7
  Use: Scroll            ||     5
Armor: Leather armour    ||     6
       Ring mail         ||    31
Dodge: Dodged            ||    32

Table legend:
 A = Non-vault XP
 B = Vault XP
 C = Vault XP percentage of total XP
 D = Non-vault monster count
 E = Vault monster count
 F = Vault count percentage of total count
                 A         B        C        D         E       F
            +---------+---------+-------+---------+---------+-------
      Total |      64 |       4 |   5.9 |      26 |       3 |  10.3
            +---------+---------+-------+---------+---------+-------
        D:1 |      41 |       4 |   8.9 |      21 |       3 |  12.5
        D:2 |      23 |       0 |   0.0 |       5 |       0 |   0.0
            +---------+---------+-------+---------+---------+-------
